 Dungeon Crawl Stone Soup version 0.31-a0-246-g8cbcc1cb85 (webtiles) character file.

Game seed: 8926879120143735132

15 Iniera the Sneak (level 2, 0/23 HPs)
             Began as a Demonspawn Brigand on July 13, 2023.
             Slain by a goblin
             ... wielding a +0 dagger
              (2 damage)
             ... on level 1 of the Dungeon.
             The game lasted 00:00:53 (332 turns).

Iniera the Sneak (Demonspawn Brigand)                Turns: 332, Time: 00:00:53

Health: 0/23       AC:  3    Str: 11    XL:     2   Next: 34%
Magic:  2/2        EV: 11    Int: 12    God:
Gold:   2          SH:  0    Dex: 14    Spells: 1/1 levels left

rFire   . . .        h - +0 dagger (speed)
rCold   . . .        (no shield)
rNeg    . . .        b - +0 robe
rPois   .            (no helmet)
rElec   .            c - +0 cloak
rCorr   .            (no gloves)
SInv    .            (no boots)
Will    .....        (no amulet)
Stlth   ++           (no ring)
HPRegen 0.23/turn    (no ring)
MPRegen 0.08/turn

%: no passive effects
@: no status effects
A: weakness stinger 1
a: no special abilities


You were on level 1 of the Dungeon.
You visited 1 branch of the dungeon, and saw 1 of its levels.

You collected 2 gold pieces.

Inventory:

Hand Weapons
 h - a +0 dagger of speed (weapon)
Missiles
 d - 9 poisoned darts (quivered)
 z - 3 curare-tipped darts
Armour
 b - a +0 robe (worn)
 c - a +0 cloak (worn)
Jewellery
 f - a ring of poison resistance
Scrolls
 g - a scroll of identify {unknown}
Potions
 a - a potion of haste {unknown}
 e - a potion of enlightenment {unknown}


   Skills:
 + Level 2.4 Fighting
 * Level 1.8 Short Blades
 - Level 2.0 Throwing
 - Level 0.8 Dodging
 + Level 3.9 Stealth


You had one spell level left.
You didn't know any spells.
Your spell library was empty.

Dungeon Overview and Level Annotations

Branches:
Dungeon (1/15)

Altars:


Innate Abilities, Weirdness & Mutations

You have a small tail.


Message History

You puncture the giant cockroach!
You kill the giant cockroach!
A goblin comes into view. It is wielding a +0 dagger.
A goblin comes into view. It is wielding a +0 club.
Found an escape hatch in the floor.
The goblin shouts!
You hear a shout!
A goblin is nearby!
A goblin is nearby!
You are too injured to fight recklessly!
A kobold comes into view. It is wielding a +0 hand axe.
A kobold comes into view. It is wielding a +0 short sword.
A goblin comes into view. It is wielding a +0 dagger.
You barely miss the goblin.
The goblin shouts! x2; The kobold shouts!
Your tail-slap misses the goblin.
The goblin hits you with a +0 club.
You hit the goblin.
The goblin is heavily wounded.
The goblin hits you with a +0 club.
You closely miss the goblin.
The goblin is heavily wounded.
You closely miss the goblin.
The goblin is heavily wounded.
The goblin hits you with a +0 club. The goblin hits you with a +0 dagger.
* * * LOW HITPOINT WARNING * * *
You hit the goblin.
The goblin is severely wounded.
You barely miss the goblin.
The goblin is severely wounded.
The goblin hits you with a +0 club.
* * * LOW HITPOINT WARNING * * *
A rat comes into view.
The goblin hits you but does no damage.
You completely miss the goblin.
The goblin is heavily wounded.
The goblin hits you with a +0 club.
* * * LOW HITPOINT WARNING * * *
The kobold hits you with a +0 hand axe.
* * * LOW HITPOINT WARNING * * *
The goblin hits you with a +0 dagger.
You die...

##..... . ....>. ..##
g.r. ...### ... ...#
#.########.####
#.............#
#..######.....##
#.######g.............#
....gKg@...####...###.#
##.#####K........####.##
......##..........
...##........####..#
##.#...####...#....#
K.......)......####
......######.....##.
..... .........####.. .
..########.# ##.#


You could see 3 goblins, 2 kobolds and a rat.

Vanquished Creatures
  A bat (D:1)
  An endoplasm (D:1)
  5 giant cockroaches (D:1)
  A goblin (D:1)
  A hobgoblin (D:1)
  A quokka (D:1)
  2 kobolds (D:1)
12 creatures vanquished.

Notes
Turn   | Place    | Note
-------+----------+-------------------------------------------
     0 | D:1      | Iniera the Demonspawn Brigand began the quest for the Orb.
     0 | D:1      | Reached XP level 1. HP: 16/16 MP: 1/1
   180 | D:1      | Discovered your monstrous ancestry.
   180 | D:1      | Gained mutation: You have a small tail. [demonic ancestry]
   180 | D:1      | Reached XP level 2. HP: 1/22 MP: 2/2
   332 | D:1      | Slain by a goblin

Illustrated notes

Levels and vault maps discovered:
D:1:      dpeg_arrival_arbitrary_b, layout_rooms, chequers_hall_statues_y,
          minivault_11, minmay_misc_feat_more_columns

Skill      XL: |  1 |
---------------+----+-----
Throwing       | 2 |  2.0
Fighting       | |  2.4
Short Blades   | |  1.8
Dodging        | |  0.8
Stealth        | |  3.9

Action                     || total
---------------------------++-------
  Melee: Dagger            ||    51
         Tailslap          ||     2
   Stab: Sleeping          ||     3
 Armour: Robe              ||    18
  Dodge: Dodged            ||    21

Table legend: (Time is in decaauts)
 A = Elapsed time spent in this place.
 B = Non-inter-level travel time spent in this place.
 C = Inter-level travel time spent in this place.
 D = Time resting spent in this place.
 E = Time spent auto-exploring this place.
 F = Levels seen in this place.
 G = Mean time per level.
                   A        B        C        D        E       F      G
               +--------+--------+--------+--------+--------+-----+--------+
         Total |    322 |    310 |     12 |      0 |    209 |   1 |  322.0 |
       Dungeon |    322 |    310 |     12 |      0 |    209 |   1 |  322.0 |
               +--------+--------+--------+--------+--------+-----+--------+

Top non-repeatable levels by time:
     D:1: 322 daAuts
